 Dungeon Crawl Stone Soup version 0.26-a0-812-g31a745ddcd (webtiles) character file.

Game seed: 16441569468761559888

66507 Dracia the Transmogrifier (level 14, -13/113 HPs)
             Began as a Demonspawn Hedge Wizard on Dec 4, 2020.
             Was an Elder of Sif Muna.
             Mangled by an ettin
             ... wielding a +0 dire flail
              (37 damage)
             ... on level 2 of the Orcish Mines.
             The game lasted 01:32:33 (36307 turns).

Dracia the Transmogrifier (DsWz)                   Turns: 36307, Time: 01:32:33

Health: -13/113    AC:  9    Str: 17    XL:     14   Next: 79%
Magic:  0/37       EV: 11    Int: 29    God:    Sif Muna [****..]
Gold:   1727       SH:  0    Dex: 13    Spells: 5/34 levels left

rFire    . . .     SeeInvis +   L - +4 dagger of Dawn {distort, Fragile rPois rC+ Str+4}
rCold    + + .     Faith    .   (no shield)
rNeg     . . .     Spirit   +   j - +0 acid dragon scales
rPois    +         Reflect  .   V - +1 hat {Int+3}
rElec    .         Harm     .   t - +1 cloak
rCorr    +         Rampage  .   w - +0 pair of gloves
MR       +....                  m - +1 pair of boots
Stlth    +.........             q - amulet of magic regeneration
HPRegen  0.28/turn              Z - ring of wizardry
MPRegen  0.75/turn              W - ring of magical power

@: lightly drained
A: horns 1, see invisible, cold resistance 1, deformed body, robust 1, strong 1,
magic shield, magic regeneration, magic link, big brain 3
a: Channel Magic, Forget Spell, Divine Exegesis, Renounce Religion


You were on level 2 of the Orcish Mines.
You worshipped Sif Muna.
Sif Muna was greatly pleased with you.
You visited 4 branches of the dungeon, and saw 22 of its levels.

You collected 1993 gold pieces.
You spent 266 gold pieces at shops.


Innate Abilities, Weirdness & Mutations

You have a pair of small horns on your head.
Your flesh is cold resistant. (rC+)
When hurt, damage is shared between your health and your magic reserves.
You regenerate magic rapidly.
When low on magic, you restore magic in place of health.
You have an absolutely massive brain. (Int +6, Wiz)
You have supernaturally acute eyesight. (SInv)
Armour fits poorly on your strangely shaped body.
You are robust. (+10% HP)
Your muscles are strong. (Str +2)


   Skills:
 - Level 7.0(6.7) Fighting
 + Level 4.0(3.8) Short Blades
 - Level 1.7(1.5) Dodging
 - Level 1.7(1.5) Stealth
 - Level 10.5(10.2) Spellcasting
 - Level 7.8(7.6) Conjurations
 - Level 4.4(4.1) Hexes
   Level 6.5(6.3) Summonings
 - Level 0.8(0.6) Translocations
 + Level 12.4(12.1) Transmutations
   Level 2.0(1.7) Fire Magic
 + Level 2.2(2.0) Ice Magic
 - Level 11.5(11.2) Invocations
 - Level 11.1(10.9) Evocations


You had 5 spell levels left.
You knew the following spells:

 Your Spells              Type           Power        Failure   Level
a - Ozocubu's Armour      Ice            ####....     1%          3
d - Tukima's Dance        Hex            #####...     1%          3
m - Mephitic Cloud        Conj/Pois/Air  ####....     1%          3
o - Confusing Touch       Hex            #####...     1%          3
r - Irradiate             Conj/Tmut      ######....   1%          5
z - Ensorcelled Hibernat  Hex/Ice        ####..       1%          2
I - Blink                 Tloc           N/A          1%          2
X - Iskenderun's Mystic   Conj/Tloc      #####...     2%          4
Y - Hailstorm             Conj/Ice       #####...     1%          4

Your spell library contained the following spells:

 Spells                   Type           Power        Failure   Level
 Corona                   Hex            #####..      1%          1
 Freeze                   Ice            ####         1%          1
 Magic Dart               Conj           ####         1%          1
 Sting                    Tmut/Pois      ####         1%          1
 Call Imp                 Summ           ######..     1%          2
 Searing Ray              Conj           ######       1%          2
 Slow                     Hex            #####...     1%          2
 Conjure Flame            Conj/Fire      #####...     1%          3
 Dazzling Flash           Conj/Hex       #####.       1%          3
 Frozen Ramparts          Ice            ####..       1%          3
 Ignite Poison            Fire/Tmut/Pois #####...     1%          3
 Fulminant Prism          Conj/Hex       #####.....   1%          4
 Poisonous Vapours        Pois/Air       ##....       2%          2
 Summon Ice Beast         Ice/Summ       #####...     2%          4
 Olgreb's Toxic Radiance  Pois           ##......     13%         4
 Hydra Form               Tmut           ######....   1%          6
 Dragon Form              Tmut           ######....   8%          7
 Statue Form              Tmut/Erth      ######...    17%         6

Inventory:

Hand Weapons
 L - the +4 dagger of Dawn (weapon) {distort, Fragile rPois rC+ Str+4}
   (You found it on level 9 of the Dungeon)

   It warps and distorts space around it.
   Unwielding it can cause banishment or high damage.
   It affects your strength (+4).
   It protects you from cold.
   It protects you from poison.
   It will be destroyed if unequipped.
Missiles
 P - 61 poisoned darts (quivered)
Armour
 j - +0 acid dragon scales (worn)
 m - a +1 pair of boots (worn)
 t - a +1 cloak (worn)
 w - a +0 pair of gloves (worn)
 V - a +1 hat of intelligence (worn)
Magical Staves
 g - an uncursed staff of air {!a!a}
 K - an uncursed staff of death {!a!a}
 M - an uncursed staff of earth {!a!a}
Jewellery
 q - an amulet of magic regeneration (around neck)
 A - an uncursed amulet of the acrobat
 F - an uncursed ring of protection from fire
 Q - an uncursed ring of stealth {unknown}
 R - an uncursed ring of resist corrosion
 W - a ring of magical power (right hand)
 Z - a ring of wizardry (left hand)
Wands
 d - a wand of random effects (20)
 l - a wand of flame (46)
 o - a wand of paralysis (15)
 u - a wand of disintegration (4)
 z - a wand of acid (22)
 C - a wand of digging (11)
 E - a wand of polymorph (9)
 S - a wand of iceblast (21)
 T - a wand of enslavement (3)
Scrolls
 b - a scroll of brand weapon
 f - 14 scrolls of teleportation {@r4@r4}
 i - 17 scrolls of remove curse {@r2@r2}
 B - 3 scrolls of magic mapping
 H - 18 scrolls of identify {@r1@r1}
 J - 5 scrolls of enchant weapon
 O - 3 scrolls of enchant armour
Potions
 e - 7 potions of curing {@q1@q1}
 h - 2 potions of cancellation
 n - 4 potions of magic
 p - 2 potions of haste {@q3@q3}
 s - 3 potions of heal wounds {@q2@q2}
 D - a potion of flight
 G - a potion of brilliance
 I - 2 potions of invisibility
 N - 3 potions of ambrosia
Miscellaneous
 a - a lightning rod (4/4)
 k - a condenser vane
 v - a box of beasts
 y - a phantom mirror

Dungeon Overview and Level Annotations

Branches:
Dungeon (13/15)            Temple (1/1) D:6            Lair (6/6) D:10
  Swamp (0/4) Lair:4       Spider (0/4) Lair:2        Slime (0/5) Lair:6
    Orc (2/2) D:12            Elf (0/3) Orc:2
 Vaults: D:13-14

Altars:
Ashenzari
Cheibriados
Dithmenos
Elyvilon
Fedhas
Gozag
Hepliaklqana
Kikubaaqudgha
Makhleb
Nemelex Xobeh
Okawaru
Qazlal
Ru
Sif Muna
Trog
Uskayaw
Vehumet
Wu Jian
Xom
Yredelemnul
Zin
The Shining One
Beogh
Jiyva

Shops:
D:4 [[   D:5 ?   D:9 [

Annotations:
D:7 3 runed translucent doors, MewIchigo's ghost, novice OpFE
Lair:6 1 runed translucent door, HoaS's ghost, journeyman FoFi
Orc:1 1 runed translucent door, SamuraiZach's ghost, journeyman TrDe
Abyss:1 Erica

....$.. #. . O......
##....# ... o......
#.$....##.# .....<.
..........# ##.......
...>......###o.......
..........[#.).......
..........÷o.........
.....o..o.oC@.....#..
#..$[.)).o...##
.....#.....$...###
... #)).......# .
#..#oo.........
..................
............#......
...........###.....
...$......## .....


You could see an orc knight, an ettin, 3 orc warriors, an ogre, 4 orc wizards
and an orc.


Message History

Confirm with . or Enter, or press ? or * to list all spells.
Aiming: Tukima's Dance (safe; 1% risk of failure)
Press: ? - help, Shift-Dir - straight line, f/p - ettin
Aim: an ettin, wielding two +0 dire flails (chance to defeat MR: 60%)
The ettin resists with significant effort.
An orc knight comes into view. It is wielding a +3 great mace.
The orc wizard looks braver for a moment.
The orc wizard points at you and mumbles some strange words.
The puff of flame hits you.
Casting: Tukima's Dance (safe; 1% risk of failure)
Confirm with . or Enter, or press ? or * to list all spells.
You erupt in a blast of force!
The mystic blast misses the orc wizard.
The mystic blast hits the orc!
You kill the orc!
Sif Muna accepts your kill.
The mystic blast hits the ettin.
The ettin is lightly wounded.
The mystic blast hits the orc warrior but does no damage.
The orc warrior is lightly wounded.
You hear a shout!
The ettin hits you with a +0 dire flail!! x2
* * * LOW HITPOINT WARNING * * *
The orc warrior hits you with a +0 hand axe!
* * * LOW HITPOINT WARNING * * *
An orc comes into view.
An ogre comes into view. It is wielding a +0 giant club.
The ettin hits you with a +0 dire flail!!
* * * LOW HITPOINT WARNING * * *
The ettin hits you with a +0 dire flail!!!
You die...

Skill      XL: |  1  2  3  4  5  6  7  8  9 10 11 12 13 14 |
---------------+-------------------------------------------+-----
Conjurations   | 2 3 4 5 6 7 |  7.8
Spellcasting   | 4 5 6 7 9 10 | 10.5
Hexes          | 1 4 |  4.4
Invocations    | 7 10 11 | 11.5
Transmutations | 3 6 9 11 12 | 12.4
Fighting       | 1 5 7 |  7.0
Fire Magic     | 1 2 |  2.0
Summonings     | 5 6 |  6.5
Evocations     | 6 10 11 | 11.1
Short Blades   | 4 |  4.0
Ice Magic      | 2 |  2.2
Dodging        | |  1.7
Stealth        | |  1.7
Translocations | |  0.8

Action                   |  1- 3 |  4- 6 |  7- 9 | 10-12 | 13-15 || total
-------------------------+-------+-------+-------+-------+-------++-------
Melee: Dagger            |    28 |    26 |     1 |   323 |   481 ||   859
       Short sword       |       |       |   184 |     2 |       ||   186
       Headbutt          |       |       |    40 |    61 |    82 ||   183
 Cast: Magic Dart        |   110 |   172 |   206 |   161 |   102 ||   751
       Blink             |     1 |       |    15 |    21 |     5 ||    42
       Call Imp          |     5 |    28 |    27 |    35 |       ||    95
       Confusing Touch   |       |       |     6 |     5 |       ||    11
       Tukima's Dance    |       |       |     8 |     6 |    30 ||    44
       Slow              |       |       |     3 |     1 |       ||     4
       Mephitic Cloud    |       |       |     1 |     6 |     5 ||    12
       Ensorcelled Hiber |       |       |     1 |     4 |     2 ||     7
       Conjure Flame     |       |       |     1 |       |       ||     1
       Irradiate         |       |       |       |    26 |    49 ||    75
       Iskenderun's Myst |       |       |       |    23 |    36 ||    59
       Hailstorm         |       |       |       |     9 |    22 ||    31
       Ozocubu's Armour  |       |       |       |       |     2 ||     2
Invok: Channel Magic     |       |       |       |     1 |     1 ||     2
       Forget Spell      |       |       |       |     1 |     2 ||     3
Evoke: Wand              |       |       |       |     1 |       ||     1
       Condenser vane    |       |       |       |       |     1 ||     1
  Use: Scroll            |       |       |    10 |    15 |     4 ||    29
       Potion            |       |       |     6 |    15 |     2 ||    23
 Stab: Sleeping          |     2 |     1 |     5 |     2 |     3 ||    13
       Distracted        |       |     1 |     1 |       |       ||     2
       Invisible         |       |       |     1 |       |       ||     1
       Confused          |       |       |     2 |     3 |       ||     5
Armor: Robe              |     7 |    12 |    71 |    67 |       ||   157
       Acid dragon scale |       |       |       |   102 |   226 ||   328
Dodge: Dodged            |    16 |    41 |   160 |   266 |   345 ||   828

Levels and vault maps discovered:
D:1:      dpeg_arrival_rooms_a, layout_basic, serial_rivers,
          chequers_serial_rivers_large_a, chequers_serial_rivers_micro_c,
          chequers_serial_rivers_large_b, chequers_serial_rivers_small_3,
          chequers_serial_rivers_micro_a, chequers_serial_rivers_room_b,
          serial_bayou_pond_c
D:2:      minmay_recursive_quarters, layout_basic
D:3:      layout_loops_cross
D:4:      layout_gridville, serial_shops,
          nicolae_shop_competitors_out_of_business, nicolae_shop_waterfront,
          uniq_crazy_yiuf_cottage, uniq_sigmund
D:5:      layout_gridville, serial_shops, shop_statue, nrook_pool_corridor
D:6:      layout_loops_cross, minitemple, minmay_temple_entry_wispy
D:7:      layout_loops_ring, gammafunk_ghost_split
D:8:      layout_gridville
D:9:      layout_roguey, elyvilon_altar_3, serial_shops,
          nicolae_shop_overgrown_old_shop, ashenzari_altar_1, uniq_erica
D:10:     layout_roguey, grunt_lair_entry_orc_guard_hut, basic_altar,
          minmay_circle_x
D:11:     layout_layer_cave, serial_undead, serial_undead_b, serial_undead_b,
          serial_undead_e, serial_undead_e, serial_undead_e,
          portal_ice_cave_entry_pillars_2, uniq_nergalle, uniq_maurice
D:12:     layout_big_octagon, david_orc_5, small_chamber_with_monster,
          minmay_beelzebubs_servants, uniq_jorgrun, uniq_erolcha
D:13:     layout_stronghold, ximxim_vaults_locker_room, uniq_nessos,
          uniq_josephine
Temple:   minmay_temple_bridge_abc
Lair:1:   layout_chaotic_city
Lair:2:   layout_cave_pods, spider_nest_entry_funnel_web,
          minmay_lair_oklob_chamber, infiniplex_staircase_pool, uniq_maggie
Lair:3:   layout_chaotic_city, grunt_megastairs_3
Lair:4:   layout_roguey, skrybe_swamp_entry_bodies, minmay_stone_trees_small
Lair:5:   layout_loops_ring
Lair:6:   due_jungle_book, layout_layer_cave, slime_altar_1,
          hellmonk_ghost_happy_afterlife
Orc:1:    layout_caves, gammafunk_ghost_grave, hangedman_minor_magic
Orc:2:    grunt_orc_tribal_feast, layout_diamond_mine

Notes
Turn   | Place    | Note
-------+----------+-------------------------------------------
     0 | D:1      | Dracia the Demonspawn Hedge Wizard began the quest for the
                  | Orb.
     0 | D:1      | Reached XP level 1. HP: 13/13 MP: 4/4
   299 | D:1      | Gained mutation: You have an unusually large brain. (Int
                  | +2) [demonic ancestry]
   299 | D:1      | Reached XP level 2. HP: 19/19 MP: 0/6
   823 | D:1      | Reached skill level 2 in Conjurations
   925 | D:1      | Learned a level 2 spell: Call Imp
   928 | D:1      | Learned a level 2 spell: Blink
   931 | D:1      | Learned a level 2 spell: Slow
  1222 | D:1      | Gained mutation: When hurt, damage is shared between your
                  | health and your magic reserves. [demonic ancestry]
  1222 | D:1      | Reached XP level 3. HP: 24/24 MP: 6/8
  2797 | D:2      | Gained mutation: Your flesh is cold resistant. (rC+)
                  | [demonic ancestry]
  2797 | D:2      | Reached XP level 4. HP: 30/30 MP: 4/9
  3094 | D:2      | Reached skill level 4 in Spellcasting
  3094 | D:2      | Reached skill level 3 in Conjurations
  3099 | D:2      | Learned a level 3 spell: Conjure Flame
  4219 | D:3      | Gained mutation: You regenerate magic rapidly. [demonic
                  | ancestry]
  4219 | D:3      | Reached XP level 5. HP: 33/35 MP: 11/11
  4772 | D:4      | Reached skill level 4 in Conjurations
  4797 | D:4      | Found Keko's Armour Shop.
  5024 | D:4      | Reached XP level 6. HP: 41/41 MP: 13/13
  5050 | D:4      | Reached skill level 5 in Spellcasting
  5081 | D:4      | Noticed a sky beast
  5095 | D:4      | Killed a sky beast
  5652 | D:4      | Noticed Sigmund
  5669 | D:4      | Killed Sigmund
  5669 | D:4      | Reached skill level 5 in Conjurations
  5744 | D:4      | Found Ciruf's Armour Emporium.
  5803 | D:4      | Found a runed translucent door.
  5804 | D:4      | Noticed Crazy Yiuf
  6006 | D:4      | Killed Crazy Yiuf
  6006 | D:4      | Gained mutation: You have a pair of small horns on your
                  | head. [demonic ancestry]
  6006 | D:4      | Reached XP level 7. HP: 46/46 MP: 15/15
  6173 | D:5      | Entered Level 5 of the Dungeon
  6307 | D:4      | Reached skill level 6 in Spellcasting
  6718 | D:4      | Reached skill level 6 in Conjurations
  7071 | D:5      | Learned a level 3 spell: Mephitic Cloud
  7079 | D:5      | Learned a level 2 spell: Ensorcelled Hibernation
  7083 | D:5      | Learned a level 3 spell: Confusing Touch
  7146 | D:5      | Reached skill level 1 in Hexes
  7169 | D:5      | You fall into a shaft and drop 3 floors!
  7262 | D:7      | Gained mutation: You have an extremely huge brain. (Int +4)
                  | [demonic ancestry]
  7262 | D:7      | Reached XP level 8. HP: 52/52 MP: 17/17
  7309 | D:7      | Got a spiked scale mail
  7310 | D:7      | Identified the cursed +1 scale mail of Polytheism {*Drain
                  | rF++ Regen+ Str+3} (You found it on level 7 of the Dungeon)
  7530 | D:6      | Reached skill level 2 in Hexes
  7602 | D:6      | Found a staircase to the Ecumenical Temple.
  7614 | Temple   | Entered the Ecumenical Temple
  7646 | Temple   | Became a worshipper of Sif Muna the Loreminder
  7829 | D:5      | Reached skill level 7 in Spellcasting
  7909 | D:5      | Reached skill level 7 in Conjurations
  8026 | D:5      | Found Plog's Magic Scroll Emporium.
  8116 | D:5      | Reached skill level 3 in Hexes
  8503 | D:5      | Learned a level 3 spell: Tukima's Dance
  9071 | D:6      | Reached skill level 4 in Hexes
  9300 | D:6      | Found a hide-covered altar of Uskayaw.
  9308 | D:6      | Reached XP level 9. HP: 46/57 MP: 20/20
  9473 | D:6      | Found a hazy altar of Hepliaklqana.
  9475 | D:6      | Found a basalt altar of Yredelemnul.
  9476 | D:6      | Found a glowing golden altar of the Shining One.
  9477 | D:6      | Found a sparkling altar of Nemelex Xobeh.
  9477 | D:6      | Found a stormy altar of Qazlal.
  9478 | D:6      | Found a broken altar of Ashenzari.
  9481 | D:6      | Found a snail-covered altar of Cheibriados.
  9482 | D:6      | Found a radiant altar of Vehumet.
  9513 | D:7      | Reached skill level 1 in Invocations
  9731 | D:7      | Noticed MewIchigo's ghost (novice OpFE)
  9734 | D:7      | Found a runed translucent gate.
  9734 | D:7      | Found a runed translucent gate.
  9735 | D:7      | Found a runed translucent gate.
  9788 | D:7      | Reached skill level 8 in Spellcasting
  9788 | D:7      | Reached skill level 2 in Invocations
  9908 | D:7      | Reached skill level 3 in Invocations
 10610 | D:8      | You fall into a shaft and drop 3 floors!
 10631 | D:11     | Noticed a two-headed ogre
 10638 | D:11     | Found a frozen archway.
 10645 | D:11     | Noticed a green ugly thing
 10674 | D:11     | Noticed a brown ugly thing
 10694 | D:10     | Entered Level 10 of the Dungeon
 10943 | D:10     | Noticed a komodo dragon
 10977 | D:10     | Killed a komodo dragon
 10977 | D:10     | Reached skill level 4 in Invocations
 11229 | D:10     | Reached skill level 5 in Invocations
 11248 | D:10     | Reached * piety under Sif Muna
 11272 | D:10     | Reached skill level 9 in Spellcasting
 11272 | D:10     | Reached skill level 6 in Invocations
 11465 | D:10     | Noticed a two-headed ogre
 11501 | D:10     | Killed a two-headed ogre
 11501 | D:10     | Reached skill level 7 in Invocations
 11762 | D:9      | Found Hatoekad's Antique Armour Boutique.
 11772 | D:9      | Bought a pair of jewelled gloves for 266 gold pieces
 11772 | D:9      | Identified the +2 pair of gloves of the Big Bang {MR-
                  | Regen+ rCorr Str+5} (You bought it in a shop on level 9 of
                  | the Dungeon)
 12425 | D:9      | Gained mutation: You have an absolutely massive brain. (Int
                  | +6, Wiz) [demonic ancestry]
 12425 | D:9      | Reached XP level 10. HP: 54/63 MP: 23/23
 12505 | D:9      | Learned a level 5 spell: Irradiate
 12576 | D:9      | Found a white marble altar of Elyvilon.
 12579 | D:9      | Got a crystal dagger
 12581 | D:9      | Identified the +4 dagger of Dawn {distort, Fragile rPois
                  | rC+ Str+4} (You found it on level 9 of the Dungeon)
 13027 | D:9      | Noticed Erica
 13048 | D:9      | Banished Erica
 13048 | D:9      | Reached skill level 8 in Invocations
 13256 | D:9      | Reached skill level 10 in Spellcasting
 13467 | D:9      | Found a broken altar of Ashenzari.
 13825 | D:10     | Reached skill level 9 in Invocations
 13853 | D:10     | Reached skill level 1 in Transmutations
 14351 | D:10     | Reached skill level 2 in Transmutations
 14428 | D:10     | Found an opulent altar of Gozag.
 14510 | D:10     | Reached ** piety under Sif Muna
 14535 | D:10     | Found a staircase to the Lair.
 14837 | Lair:1   | Entered Level 1 of the Lair of Beasts
 14986 | Lair:1   | Noticed a five-headed hydra
 15683 | Lair:2   | Noticed an oklob plant
 15695 | Lair:2   | Noticed a four-headed hydra
 15732 | Lair:2   | Killed a four-headed hydra
 15732 | Lair:2   | Reached skill level 3 in Transmutations
 15732 | Lair:2   | Reached skill level 10 in Invocations
 16382 | Lair:1   | Learned a level 4 spell: Iskenderun's Mystic Blast
 16389 | Lair:1   | Gained mutation: You evolve. [potion of mutation]
 16389 | Lair:1   | Gained mutation: Your muscles are strong. (Str +2) [potion
                  | of mutation]
 16601 | Lair:2   | Noticed Maggie
 16618 | Lair:2   | Killed Maggie
 16896 | Lair:2   | Reached skill level 1 in Fighting
 16896 | Lair:2   | Reached skill level 1 in Fire Magic
 16897 | Lair:2   | Reached XP level 11. HP: 70/70 MP: 25/25
 16913 | Lair:2   | Reached skill level 2 in Summonings
 16920 | Lair:2   | Gained mutation: You have supernaturally acute eyesight.
                  | (SInv) [evolution]
 16937 | Lair:2   | Killed a five-headed hydra
 16937 | Lair:2   | Reached skill level 2 in Fighting
 16937 | Lair:2   | Reached skill level 2 in Fire Magic
 17501 | Lair:2   | Found a hole to the Spider Nest.
 17501 | Lair:2   | Noticed a wolf spider
 17518 | Lair:2   | Reached skill level 4 in Transmutations
 17524 | Lair:2   | Killed a wolf spider
 17524 | Lair:2   | Reached skill level 3 in Summonings
 17526 | Lair:2   | Reached skill level 3 in Fighting
 18008 | Lair:2   | Banished an oklob plant
 18235 | Lair:2   | Reached skill level 4 in Summonings
 18236 | Lair:2   | Reached skill level 4 in Fighting
 18236 | Lair:2   | Reached skill level 5 in Transmutations
 18332 | Lair:3   | Noticed a lindwurm
 18352 | Lair:3   | Killed a lindwurm
 18352 | Lair:3   | Reached skill level 5 in Summonings
 18722 | Lair:3   | Reached skill level 5 in Fighting
 18821 | Lair:3   | Learned a level 3 spell: Ozocubu's Armour
 18839 | Lair:3   | Reached skill level 6 in Transmutations
 18877 | Lair:3   | HP: 8/81 [blink frog (12)]
 18888 | Lair:3   | Gained mutation: When low on magic, you restore magic in
                  | place of health. [demonic ancestry]
 18888 | Lair:3   | Reached XP level 12. HP: 25/87 MP: 20/26
 18888 | Lair:3   | Reached skill level 6 in Summonings
 18920 | Lair:3   | Reached skill level 6 in Fighting
 18992 | Lair:3   | Gained mutation: Armour fits poorly on your strangely
                  | shaped body. [evolution]
 20822 | Lair:4   | Reached skill level 1 in Evocations
 20917 | Lair:4   | Found a staircase to the Swamp.
 20932 | Lair:4   | Reached skill level 7 in Transmutations
 20936 | Lair:4   | Reached skill level 2 in Evocations
 21110 | Lair:4   | Reached skill level 7 in Fighting
 21775 | Lair:5   | Noticed a death yak
 21776 | Lair:5   | Noticed a death yak
 21782 | Lair:5   | Noticed a death yak
 21782 | Lair:5   | Noticed a death yak
 21787 | Lair:5   | Noticed a catoblepas
 21789 | Lair:5   | Killed a death yak
 21789 | Lair:5   | Reached *** piety under Sif Muna
 21789 | Lair:5   | Reached skill level 3 in Evocations
 21789 | Lair:5   | Killed a death yak
 22283 | Lair:4   | Learned a level 4 spell: Hailstorm
 22475 | Lair:5   | Reached skill level 4 in Evocations
 22689 | Lair:5   | Noticed an eight-headed hydra
 22694 | Lair:5   | Banished an eight-headed hydra
 22694 | Lair:5   | Reached skill level 8 in Transmutations
 22729 | Lair:5   | Identified a potion of resistance
 22772 | Lair:5   | Noticed an eight-headed hydra
 22780 | Lair:5   | Killed an eight-headed hydra
 22780 | Lair:5   | Reached skill level 5 in Evocations
 23137 | Lair:5   | Killed a death yak
 23137 | Lair:5   | Killed a death yak
 23140 | Lair:5   | Reached skill level 6 in Evocations
 23353 | Lair:5   | Killed a catoblepas
 23353 | Lair:5   | Reached skill level 9 in Transmutations
 23413 | Lair:5   | Gained mutation: You are robust. (+10% HP) [evolution]
 23413 | Lair:5   | Lost mutation: You evolve. [end of evolution]
 24015 | Lair:6   | Entered Level 6 of the Lair of Beasts
 24023 | Lair:6   | Reached XP level 13. HP: 81/105 MP: 20/27
 24991 | Lair:5   | Reached skill level 7 in Evocations
 25593 | Lair:6   | Found a viscous altar of Jiyva.
 25593 | Lair:6   | Found a staircase to the Slime Pits.
 25614 | Lair:6   | Reached skill level 10 in Transmutations
 26041 | Lair:6   | Reached skill level 8 in Evocations
 27225 | Lair:6   | Noticed HoaS's ghost (journeyman FoFi)
 27229 | Lair:6   | Found a runed translucent door.
 28062 | Lair:6   | Reached skill level 9 in Evocations
 28265 | Lair:6   | Noticed a dire elephant
 28265 | Lair:6   | Noticed a dire elephant
 28270 | Lair:6   | Killed a dire elephant
 28271 | Lair:6   | Killed a dire elephant
 28271 | Lair:6   | Reached skill level 11 in Transmutations
 28418 | Lair:6   | Noticed a dire elephant
 28423 | Lair:6   | Banished a dire elephant
 28447 | Lair:6   | Noticed a dire elephant
 28454 | Lair:6   | Banished a dire elephant
 28929 | D:11     | Paralysed by a hornet for 2 turns
 28941 | D:11     | Noticed Nergalle
 28948 | D:11     | Reached **** piety under Sif Muna
 28949 | D:11     | Reached skill level 10 in Evocations
 28957 | D:11     | Killed Nergalle
 28957 | D:11     | Reached XP level 14. HP: 39/113 MP: 8/28
 28979 | D:11     | Noticed Maurice
 28984 | D:11     | Killed Maurice
 30407 | D:12     | Noticed Jorgrun
 30424 | D:12     | Killed Jorgrun
 31522 | D:12     | Reached skill level 1 in Short Blades
 31852 | D:12     | Reached skill level 11 in Invocations
 31937 | D:12     | Reached skill level 12 in Transmutations
 32262 | D:11     | Reached skill level 2 in Short Blades
 32512 | D:12     | Noticed Erolcha
 32515 | D:12     | Killed Erolcha
 32611 | D:12     | Reached skill level 11 in Evocations
 32999 | D:12     | Found a roughly hewn altar of Beogh.
 32999 | D:12     | Found a staircase to the Orcish Mines.
 33811 | D:12     | Reached skill level 3 in Short Blades
 34014 | Orc:1    | Entered Level 1 of the Orcish Mines
 34324 | Orc:1    | Found a runed translucent door.
 34324 | Orc:1    | Noticed SamuraiZach's ghost (journeyman TrDe)
 34955 | Orc:1    | Reached skill level 1 in Ice Magic
 35829 | Orc:2    | Entered Level 2 of the Orcish Mines
 35838 | Orc:2    | Found a staircase to the Elven Halls.
 35865 | Orc:2    | Noticed a stone giant
 36035 | Orc:1    | Killed a stone giant
 36035 | Orc:1    | Reached skill level 4 in Short Blades
 36035 | Orc:1    | Reached skill level 2 in Ice Magic
 36307 | Orc:2    | Mangled by an ettin

Vanquished Creatures
  Jorgrun (D:12)
  A stone giant (Orc:1)
  2 dire elephants (Lair:6)
  A boulder beetle (D:12)
  Erolcha (D:12)
  A catoblepas (Lair:5)
  7 hydras
  4 death yaks (Lair:5)
  3 two-headed ogres
  5 skeletal warriors (D:12)
  Nergalle (D:11)
  A bog body (Lair:4)
  An orc knight (Orc:1)
  3 lindwurms
  A wolf spider (Lair:2)
  2 ugly things
  3 deep elf magi
  An orc sorcerer (Orc:2)
  Maurice (D:11)
  3 black mambas
  2 elephants (Lair:6)
  An orange demon (D:12)
  3 cane toads
  5 komodo dragons
  Maggie (Lair:2)
  2 kobold demonologists
  A rime drake (Lair:6)
  A red devil (D:12)
  2 jumping spiders (Lair:2)
  4 trolls
  A hornet (D:11)
  A polar bear (Lair:6)
  24 blink frogs
  39 yaks
  A wyvern (Lair:5)
  4 basilisks
  4 vampire mosquitoes (D:12)
  A warg (Orc:2)
  13 water moccasins
  16 orc warriors
  3 black bears
  A sky beast (D:5)
  2 ice beasts
  2 phantoms (D:5)
  10 wolves
  13 ogres
  5 necrophages
  4 centaurs
  A gnoll sergeant (D:9)
  8 bullfrogs
  A wyvern zombie (D:11)
  A wyvern skeleton (D:10)
  A scorpion (D:7)
  2 killer bees (D:10)
  5 wights
  3 howler monkeys
  A crimson imp (Orc:1)
  4 bullfrog zombies
  6 jellies
  Crazy Yiuf (D:4)
  5 hounds
  11 orc priests
  2 centaur skeletons
  An iron imp (Orc:1)
  3 iguanas
  14 orc wizards
  6 hell rats (Lair:6)
  5 worker ants
  2 hound zombies
  A howler monkey skeleton (D:7)
  4 gnolls
  21 adders
  2 shadow imps
  2 white imps
  3 oozes
  An adder skeleton (D:7)
  3 worms
  A dart slug (D:1)
  11 leopard geckos
  71 orcs
  A ball python (D:2)
  4 bats
  8 giant cockroaches
  8 goblins
  11 hobgoblins
  4 jackals (D:3)
  8 quokkas
  7 frilled lizards
  15 kobolds
  3 quokka skeletons
  6 rats
487 creatures vanquished.

Vanquished Creatures (collateral kills)
  An orc knight (Orc:1)
  Sigmund (D:4)
  A yak (Lair:3)
  2 orc warriors
  A sky beast (D:4)
  A black bear (D:10)
  An ogre (Orc:1)
  A wight (D:4)
  An orc priest (Orc:2)
  An orc wizard (D:7)
  2 worker ants (D:4)
  An adder (D:3)
  6 gnolls
  2 worms (D:2)
  A leopard gecko (D:2)
  3 orcs
  A goblin (D:2)
  A bat (D:2)
28 creatures vanquished.

Vanquished Creatures (others)
  7 dancing weapons
  An adder (D:11)
  A bush (Lair:5)
  52 fungi
  57 plants
  4 withered plants
122 creatures vanquished.

Grand Total: 637 creatures vanquished

Table legend: (Time is in decaauts)
 A = Elapsed time spent in this place.
 B = Non-inter-level travel time spent in this place.
 C = Inter-level travel time spent in this place.
 D = Time resting spent in this place.
 E = Time spent auto-exploring this place.
 F = Levels seen in this place.
 G = Mean time per level.
                   A        B        C        D        E       F      G
               +--------+--------+--------+--------+--------+-----+--------+
         Total |  36393 |  35260 |   1133 |  13318 |  16927 |  22 | 1654.2 |
       Dungeon |  20223 |  19700 |    523 |   5415 |  11220 |  13 | 1555.6 |
        Temple |     54 |     32 |     22 |      0 |     19 |   1 |   54.0 |
          Lair |  13963 |  13405 |    558 |   6887 |   4979 |   6 | 2327.2 |
  Orcish Mines |   2152 |   2123 |     29 |   1016 |    709 |   2 | 1076.0 |
               +--------+--------+--------+--------+--------+-----+--------+

Top non-repeatable levels by time:
    D:11: 3276 daAuts
  Lair:5: 3148 daAuts
  Lair:6: 3004 daAuts
  Lair:2: 2508 daAuts
    D:10: 2281 daAuts
  Lair:4: 2261 daAuts
     D:4: 2255 daAuts
    D:12: 2105 daAuts
   Orc:1: 2102 daAuts
     D:1: 1852 daAuts
     D:2: 1813 daAuts
  Lair:3: 1677 daAuts
  Lair:1: 1362 daAuts
     D:9: 1349 daAuts
     D:5: 1205 daAuts

Table legend:
 A = Non-vault XP
 B = Vault XP
 C = Vault XP percentage of total XP
 D = Non-vault monster count
 E = Vault monster count
 F = Vault count percentage of total count
                 A         B        C        D         E       F
            +---------+---------+-------+---------+---------+-------
      Total |   74616 |   20394 |  21.5 |     475 |      98 |  17.1
            +---------+---------+-------+---------+---------+-------
        D:1 |      58 |       0 |   0.0 |      27 |       0 |   0.0
        D:2 |      60 |      13 |  17.8 |      16 |       7 |  30.4
        D:3 |     119 |       0 |   0.0 |      33 |       0 |   0.0
        D:4 |     714 |     167 |  19.0 |      23 |       2 |   8.0
        D:5 |     770 |       0 |   0.0 |      20 |       0 |   0.0
        D:6 |     884 |       0 |   0.0 |      13 |       0 |   0.0
        D:7 |     846 |       0 |   0.0 |      23 |       0 |   0.0
        D:8 |     121 |       0 |   0.0 |       5 |       0 |   0.0
        D:9 |    1113 |     867 |  43.8 |      28 |       1 |   3.4
       D:10 |    1527 |    1587 |  51.0 |      14 |      13 |  48.1
       D:11 |    6738 |    1998 |  22.9 |      30 |      11 |  26.8
       D:12 |   11229 |    6942 |  38.2 |      43 |      30 |  41.1
     Lair:1 |     292 |       0 |   0.0 |       2 |       0 |   0.0
     Lair:2 |    4580 |    2480 |  35.1 |      19 |       7 |  26.9
     Lair:3 |    8059 |     682 |   7.8 |      36 |       2 |   5.3
     Lair:4 |    1621 |    1382 |  46.0 |       7 |       2 |  22.2
     Lair:5 |   12093 |       0 |   0.0 |      30 |       0 |   0.0
     Lair:6 |   18611 |    2779 |  13.0 |      51 |       5 |   8.9
      Orc:1 |    4477 |    1494 |  25.0 |      46 |      17 |  27.0
      Orc:2 |     704 |       3 |   0.4 |       9 |       1 |  10.0
            +---------+---------+-------+---------+---------+-------
